 Dungeon Crawl Stone Soup version 0.30-a0-913-g9934a0ce24 (webtiles) character file.

Game seed: 16989446715688510275

871 bobarctor the Purveyor of Pain (level 7, -3/44 (46) HPs)
             Began as a Demonspawn Necromancer on Mar 19, 2023.
             Was an Initiate of Kikubaaqudgha.
             Slain by a black bear (4 damage)
             ... on level 5 of the Dungeon.
             The game lasted 00:22:06 (5414 turns).

bobarctor the Purveyor of Pain (DsNe)               Turns: 5414, Time: 00:22:07

HP:   -3/44 (46)    AC:  6    Str:  8    XL:     7   Next: 73%
MP:   5/14          EV: 12    Int: 18    God:    Kikubaaqudgha [......]
Gold: 235           SH:  0    Dex: 14    Spells: 1/15 levels left

rFire   . . .      SeeInvis .    d - +1 spear (heavy)
rCold   . . .      Faith    .    (no shield)
rNeg    . . .      Spirit   .    a - +0 robe
rPois   .          Reflect  .    (helmet restricted)
rElec   .          Rampage  .    F - scarf {repulsion}
rCorr   .                        c - +0 pair of gloves
Will    .....                    k - +0 pair of boots
Stlth   ++                       (no amulet)
HPRegen 0.27/turn                (no ring)
MPRegen 0.14/turn                (no ring)

@: lethally poisoned (-3 -> -12), lightly drained, repel missiles
A: horns 1, icy blue scales 1, powered by pain 2
a: Renounce Religion


You were on level 5 of the Dungeon.
You worshipped Kikubaaqudgha.
Kikubaaqudgha was noncommittal.
You visited 1 branch of the dungeon, and saw 5 of its levels.

You collected 235 gold pieces.

Inventory:

Hand Weapons
 d - a +1 heavy spear (weapon)
Missiles
 f - 8 javelins (quivered)
 i - 8 poisoned darts
 A - 2 throwing nets
Armour
 a - a +0 robe (worn)
 c - a +0 pair of gloves (worn)
 k - a +0 pair of boots (worn)
 F - a scarf of repulsion (worn)
Wands
 o - a wand of flame (15)
Scrolls
 e - a scroll of butterflies {unknown}
 g - a scroll of identify {unknown}
 h - 2 scrolls of vulnerability {unknown}
 p - a scroll of noise {unknown}
 s - a scroll of amnesia {unknown}
 t - a scroll of acquirement {unknown}
 v - a scroll of blinking {unknown}
 x - a scroll of teleportation {unknown}
 y - a scroll of magic mapping {unknown}
 z - a scroll of enchant armour {unknown}
 B - a scroll of fog {unknown}
 E - a scroll of enchant weapon {unknown}
Potions
 b - 4 potions of magic
 j - a potion of heal wounds
 l - 2 potions of might {unknown}
 m - a potion of flight {unknown}
 n - a potion of lignification {unknown}
 q - 2 potions of degeneration {unknown}
 r - 2 potions of attraction {unknown}
 u - 2 potions of curing
 w - a potion of berserk rage {unknown}
 C - a potion of brilliance {unknown}
 D - a potion of mutation {unknown}


   Skills:
 - Level 0.1 Throwing
 + Level 2.4 Dodging
 + Level 2.4 Stealth
 + Level 4.6 Spellcasting
 * Level 2.6 Conjurations
 + Level 6.4 Necromancy
 * Level 2.3 Air Magic
 * Level 3.1 Poison Magic


You had one spell level left.
You knew the following spells:

 Your Spells              Type           Power      Damage    Failure   Level
a - Necrotise             Necr           100%       1d9       1%          1
b - Vampiric Draining     Necr           27%        2d7       3%          3
c - Mephitic Cloud        Conj/Pois/Air  14%        N/A       14%         3
d - Poisonous Vapours     Pois/Air       28%        N/A       7%          2
e - Ignite Poison         Fire/Tmut/Pois 7%         N/A       26%         3
f - Cigotuvi's Dreadful   Necr/Pois/Air  36%        N/A       4%          2

Your spell library contained the following spells:

 Spells                   Type           Power      Damage    Failure   Level
 Animate Dead             Necr           27%        N/A       10%         4
 Agony                    Necr           27%        N/A       26%         5
 Gell's Gravitas          Tloc           4%         N/A       38%         3
 Teleport Other           Tloc           4%         N/A       38%         3
 Sticky Flame             Conj/Fire      9%         2d3       61%         4
 Dispersal                Tloc           2%         N/A       100%        6
 Ignition                 Fire           2%         3d3       100%        8


Dungeon Overview and Level Annotations

Branches:
Dungeon (5/15)
 Temple: D:4-7

Altars:
Dithmenos
Kikubaaqudgha
Qazlal
Trog
Xom


Innate Abilities, Weirdness & Mutations

You have a pair of small horns on your head.
You are partially covered in icy blue scales. (AC +2)
You sometimes gain power by taking damage.


Message History

* * * LOW HITPOINT WARNING * * *
The black bear barely misses you. The black bear closely misses you.
The black bear claws you.
* * * LOW HITPOINT WARNING * * *
The hound stops to sniff the ground.
Casting: Vampiric Draining (dangerous; 3% risk of failure)
Confirm with . or Enter, or press ? or * to list all spells.
Aiming: Vampiric Draining (dangerous; 3% risk of failure)
Press: ? - help, Shift-Dir - straight line, f/p - water moccasin
Aim: a water moccasin (moderately wounded)
You draw life force from the water moccasin!
You feel life coursing into your body.
* * * LOW HITPOINT WARNING * * *
You feel very sick. The ufetubus closely misses you.
The ufetubus barely misses you.
A hound comes into view.
The water moccasin bites you!
* * * LOW HITPOINT WARNING * * *
The black bear bites you.
* * * LOW HITPOINT WARNING * * *
The black bear barely misses you. The black bear closely misses you.
Casting: Vampiric Draining (dangerous; 3% risk of failure)
Confirm with . or Enter, or press ? or * to list all spells.
Aiming: Vampiric Draining (dangerous; 3% risk of failure)
Press: ? - help, Shift-Dir - straight line, f/p - water moccasin
Aim: a water moccasin (heavily wounded)
You draw life force from the water moccasin!
You feel life coursing into your body.
The hound barks!
* * * LOW HITPOINT WARNING * * *
You feel very sick.
You hear an angry hiss.
The ufetubus hits you.
* * * LOW HITPOINT WARNING * * *
The ufetubus hits you.
* * * LOW HITPOINT WARNING * * *
The water moccasin closely misses you. The ufetubus completely misses you. x2
The black bear closely misses you. x2; The black bear claws you.
You die...
Kikubaaqudgha rasps: "You have failed me!
Welcome... death!"

#.. #...
... (. .# .
#. .. #h###
....###5h.#
...#...#@##
....#.S.#
#..#....##
# #..#...#
#..#...#
#......#
+......#
#....###
##....##


You could see a water moccasin, a black bear, a hound and an ufetubus.

Vanquished Creatures
  2 black bears (D:4)
  A scorpion (D:4)
  2 necrophages (D:4)
  A wight (D:4)
  2 howler monkeys (D:4)
  A human zombie (D:4)
  A hound (D:4)
  A sleepcap (D:5)
  An iguana (D:4)
  A scorpion zombie (D:4)
  A hound zombie (D:4)
  4 mummies (D:4)
  A howler monkey zombie (D:4)
  6 adders
  3 gnolls (D:4)
  An adder zombie (D:4)
  6 worms
  3 dart slugs
  An orc (D:3)
  4 ball pythons
  2 bats
  2 endoplasms (D:3)
  3 giant cockroaches
  4 goblins
  8 hobgoblins
  6 jackals (D:3)
  5 kobolds
  2 quokkas
  3 frilled lizards
  3 rats
81 creatures vanquished.

Vanquished Creatures (collateral kills)
  A gnoll (D:4)
  A ball python (D:4)
  A rat (D:3)
3 creatures vanquished.

Grand Total: 84 creatures vanquished

Notes
Turn   | Place    | Note
-------+----------+-------------------------------------------
     0 | D:1      | bobarctor the Demonspawn Necromancer began the quest for
                  | the Orb.
     0 | D:1      | Reached XP level 1. HP: 13/13 MP: 3/3
   317 | D:1      | Found a faded altar of an unknown god.
   426 | D:1      | Gained mutation: You sometimes gain a little power by
                  | taking damage. [demonic ancestry]
   426 | D:1      | Reached XP level 2. HP: 19/19 MP: 5/5
   865 | D:2      | Reached skill level 5 in Necromancy
   880 | D:2      | Reached XP level 3. HP: 20/24 MP: 1/6
  1052 | D:2      | Learned a level 3 spell: Vampiric Draining
  1056 | D:2      | Learned a level 3 spell: Mephitic Cloud
  2079 | D:3      | Reached XP level 4. HP: 30/30 MP: 0/8
  2154 | D:3      | Reached skill level 1 in Poison Magic
  2696 | D:3      | Found a faded altar of an unknown god.
  2700 | D:3      | Found a shimmering altar of Xom.
  3115 | D:4      | Reached skill level 1 in Conjurations
  3115 | D:4      | Gained mutation: You sometimes gain power by taking damage.
                  | [demonic ancestry]
  3115 | D:4      | Reached XP level 5. HP: 25/35 MP: 5/9
  3151 | D:4      | Learned a level 2 spell: Poisonous Vapours
  3175 | D:4      | Found a shadowy altar of Dithmenos.
  3336 | D:4      | Noticed an air elemental
  3351 | D:4      | Found a stormy altar of Qazlal.
  3355 | D:4      | Noticed a fire elemental
  3360 | D:4      | Noticed a water elemental
  3645 | D:4      | Reached skill level 1 in Air Magic
  3700 | D:4      | Noticed a black bear
  3710 | D:4      | Killed a black bear
  3711 | D:4      | Gained mutation: You have a pair of small horns on your
                  | head. [demonic ancestry]
  3711 | D:4      | Reached XP level 6. HP: 22/41 MP: 2/11
  3842 | D:4      | Found a bloodstained altar of Trog.
  3918 | D:4      | Reached skill level 6 in Necromancy
  3928 | D:4      | Learned a level 3 spell: Ignite Poison
  4002 | D:4      | Gained mutation: You are partially covered in icy blue
                  | scales. (AC +2) [demonic ancestry]
  4002 | D:4      | Reached XP level 7. HP: 46/46 MP: 13/13
  4247 | D:4      | Learned a level 2 spell: Cigotuvi's Dreadful Rot
  5256 | D:4      | Found an ancient bone altar of Kikubaaqudgha.
  5260 | D:4      | Became a worshipper of Kikubaaqudgha
  5291 | D:5      | Entered Level 5 of the Dungeon
  5413 | D:5      | HP: 2/44 [black bear (2)]
  5414 | D:5      | Slain by a black bear

Illustrated notes

Levels and vault maps discovered:
D:1:      zelgadis_glass_arrival_small, layout_rooms,
          shapermc_ecumenical_altar_starsandcircs, fountainhead,
          wad_woods_river_04, minmay_cut_off
D:2:      layout_loops_corners, roderic_three_in_a_row, minmay_pentomino_z4
D:3:      layout_basic, nicolae_overflow_ecumenical_swirl
D:4:      layout_basic, nicolae_qazlal_style_of_elements,
          lemuel_mausoleum_altar_kikubaaqudgha,
          mainiacjoe_overflow_six_doors_small, trog_ov_bears_minmay,
          serial_bayou_pond_e
D:5:      layout_cave_pools, mainiacjoe_overflow_concentric_impassable,
          nicolae_vehumet_radiance, lemuel_tele_altar, minmay_temple_entry_hall,
          minmay_fractal_squares_diagonal_5

Skill      XL: |  1  2  3  4  5  6  7 |
---------------+----------------------+-----
Necromancy     | 5 6 |  6.4
Poison Magic   | 1 2 3 |  3.1
Spellcasting   | 3 4 |  4.6
Conjurations   | 1 2 |  2.6
Stealth        | 2 |  2.4
Air Magic      | 1 2 |  2.3
Dodging        | 2 |  2.4
Throwing       | |  0.1

Action                     |  1- 3 |  4- 6 |  7- 9 || total
---------------------------+-------+-------+-------++-------
  Melee: Spear             |     5 |    34 |    76 ||   115
         Headbutt          |       |     2 |    17 ||    19
  Throw: Javelin           |       |     7 |    15 ||    22
   Cast: Necrotise         |    64 |    67 |    17 ||   148
         Vampiric Draining |       |     5 |     3 ||     8
         Poisonous Vapours |       |     1 |       ||     1
         Cigotuvi's Dreadf |       |       |     3 ||     3
    Use: Potion            |       |       |     2 ||     2
   Stab: Sleeping          |       |     1 |     3 ||     4
 Armour: Robe              |     1 |    21 |    27 ||    49
  Dodge: Dodged            |     4 |    60 |    78 ||   142

Table legend: (Time is in decaauts)
 A = Elapsed time spent in this place.
 B = Non-inter-level travel time spent in this place.
 C = Inter-level travel time spent in this place.
 D = Time resting spent in this place.
 E = Time spent auto-exploring this place.
 F = Levels seen in this place.
 G = Mean time per level.
                   A        B        C        D        E       F      G
               +--------+--------+--------+--------+--------+-----+--------+
         Total |   5518 |   5401 |    117 |    784 |   3709 |   5 | 1103.6 |
       Dungeon |   5518 |   5401 |    117 |    784 |   3709 |   5 | 1103.6 |
               +--------+--------+--------+--------+--------+-----+--------+

Top non-repeatable levels by time:
     D:4: 2135 daAuts
     D:2: 1281 daAuts
     D:3: 1181 daAuts
     D:1: 794 daAuts
     D:5: 125 daAuts
